 Dungeon Crawl Stone Soup version 0.27-a0-1105-g946c659 (webtiles) character file.

Game seed: 1517798010074447034

41 GeorgeSoros the Sneak (level 3, 0/28 HPs)
             Began as a Human Brigand on Apr 29, 2021.
             Was a Follower of the Shining One.
             Succumbed to a goblin's poison
             ... on level 2 of the Dungeon.
             The game lasted 00:03:33 (1462 turns).

GeorgeSoros the Sneak (Human Brigand)               Turns: 1462, Time: 00:03:33

Health: 0/28       AC:  4    Str: 11    XL:     3   Next: 75%
Magic:  3/3        EV: 12    Int: 12    God:    the Shining One [*.....]
Gold:   18         SH:  0    Dex: 14    Spells: 2/2 levels left

rFire    . . .     SeeInvis .   a - +2 dagger
rCold    . . .     Faith    .   (no shield)
rNeg     . . .     Spirit   .   b - +0 robe
rPois    .         Reflect  .   (no helmet)
rElec    .         Harm     .   c - +0 cloak
rCorr    .         Rampage  .   g - +0 pair of gloves
Will     .....                  (no boots)
Stlth    +.........             (no amulet)
HPRegen  0.09/turn              (no ring)
MPRegen  0.08/turn              (no ring)

@: mighty, lethally poisoned (0 -> -12), glowing
A: no striking features
a: Renounce Religion


You were on level 2 of the Dungeon.
You worshipped the Shining One.
The Shining One was aware of your devotion.
You visited 1 branch of the dungeon, and saw 2 of its levels.

You collected 18 gold pieces.

Inventory:

Hand Weapons
 a - a +2 dagger (weapon)
 f - a +0 falchion
Missiles
 d - 22 poisoned darts (quivered)
 e - 2 curare-tipped darts
Armour
 b - a +0 robe (worn)
 c - a +0 cloak (worn)
 g - a +0 pair of gloves (worn)
Scrolls
 i - a scroll of fear {unknown}


   Skills:
 + Level 2.7 Fighting
 + Level 2.6 Short Blades
 - Level 2.0 Throwing
 - Level 1.1 Dodging
 - Level 4.4 Stealth


You had 2 spell levels left.
You didn't know any spells.
Your spell library was empty.

Dungeon Overview and Level Annotations

Branches:
Dungeon (2/15)

Altars:
The Shining One


Message History

Okay, then.
You cannot tell which god this altar belongs to.
Convert to them anyway?
The Shining One accepts your prayer! The Shining One welcomes you!
You and your allies can now gain power from killing the unholy and evil.
You enter the shallow water.
Moving in this stuff is going to be slow.
A bat comes into view.
You hit the bat.
The bat is moderately wounded.
The bat barely misses you. The bat hits you but does no damage.
You hit the bat.
You kill the bat!
No target in view!
A goblin comes into view. It is wielding a +2 dagger of venom.
A goblin comes into view. It is wielding a +0 dagger.
Found a scroll labelled QETUGG ICUOPP.
The goblin shouts! x2
The goblin hits you with a +2 dagger of venom.
You are poisoned.
You hit the goblin.
The goblin is heavily wounded.
You feel sick. The goblin hits you but does no damage.
You are more poisoned.
You hit the goblin.
The goblin is severely wounded.
You feel very sick.
The goblin hits you with a +2 dagger of venom.
You are more poisoned.
You feel very sick.
* * * LOW HITPOINT WARNING * * *
You feel very sick.
You feel very mighty all of a sudden.
* * * LOW HITPOINT WARNING * * *
You feel very sick. The goblin barely misses you.
You puncture the goblin!
You kill the goblin!
You die...

. .. .####### .# .......#
.# ##.....######## .#
#..≈≈≈........## .#
#..≈_≈..# ##...## .#
#..≈≈≈..###.#.#.###.####.#
.......##...†...@)........
....###...#.#.#.#g.#####.#
...#<#.#####...##..#
#.....# ##.###.?# ..###.#
#.# #..# ..# #.# #.# #..#
#.# .# #.. .... #... # ###
...# #.#.#


You could see a goblin.

Vanquished Creatures
  A dart slug (D:1)
  8 bats
  3 endoplasms (D:1)
  A giant cockroach (D:1)
  5 goblins
  A hobgoblin (D:1)
  4 jackals (D:1)
  A quokka (D:1)
  A ball python (D:1)
  2 frilled lizards (D:1)
  4 kobolds (D:1)
  6 rats (D:1)
37 creatures vanquished.

Notes
Turn   | Place    | Note
-------+----------+-------------------------------------------
     0 | D:1      | GeorgeSoros the Human Brigand began the quest for the Orb.
     0 | D:1      | Reached XP level 1. HP: 16/16 MP: 1/1
   216 | D:1      | Reached XP level 2. HP: 22/22 MP: 2/2
   648 | D:1      | Reached XP level 3. HP: 28/28 MP: 3/3
  1426 | D:2      | Found a faded altar of an unknown god.
  1439 | D:2      | Became a worshipper of the Shining One
  1439 | D:2      | Reached * piety under the Shining One
  1462 | D:2      | Succumbed to a goblin's poison

Illustrated notes

Levels and vault maps discovered:
D:1:      dpeg_arrival_water_temple_mockup, layout_basic
D:2:      layout_loops_ring, hellmonk_ecumenical_altar_pennies_from_heaven,
          uniq_natasha

Action                   || total
-------------------------++-------
Melee: Dagger            ||   112
  Use: Scroll            ||     2
       Potion            ||     1
 Stab: Sleeping          ||     8
Armor: Robe              ||    27
Dodge: Dodged            ||    69

Table legend: (Time is in decaauts)
 A = Elapsed time spent in this place.
 B = Non-inter-level travel time spent in this place.
 C = Inter-level travel time spent in this place.
 D = Time resting spent in this place.
 E = Time spent auto-exploring this place.
 F = Levels seen in this place.
 G = Mean time per level.
                   A        B        C        D        E       F      G
               +--------+--------+--------+--------+--------+-----+--------+
         Total |   1450 |   1432 |     18 |      0 |   1167 |   2 |  725.0 |
       Dungeon |   1450 |   1432 |     18 |      0 |   1167 |   2 |  725.0 |
               +--------+--------+--------+--------+--------+-----+--------+

Top non-repeatable levels by time:
     D:1: 1408 daAuts
     D:2: 41 daAuts
